 Dungeon Crawl Stone Soup version 0.29-a0-876-gfc89b1a5bd (webtiles) character file.

Game seed: 12970007900087178253

547 IdlyInterested the Chopper (level 7, 0/52 HPs)
             Began as a Demonspawn Fighter on July 19, 2022.
             Slain by a water moccasin (7 damage)
             ... on level 5 of the Dungeon.
             The game lasted 00:13:44 (5616 turns).

IdlyInterested the Chopper (Demonspawn Fighter)     Turns: 5616, Time: 00:13:44

Health: 0/52       AC: 13    Str: 15 (16) XL:     7   Next: 7%
Magic:  7/7        EV:  4    Int:  4 (7)  God:
Gold:   267        SH:  6    Dex: 15 (17) Spells: 6/6 levels left

rFire   + + .      SeeInvis .   o - +8 morningstar of the Forest {speed, rF+ rC++ Int-2 Dex+2}
rCold   + + +      Faith    .   c - +1 buckler
rNeg    . . .      Spirit   .   k - +0 plate armour
rPois   .          Reflect  .   (helmet restricted)
rElec   .          Harm     .   g - scarf {rC+ rF+}
rCorr   +          Rampage  .   (no gloves)
Will    .....                   (no boots)
Stlth   ..........              (no amulet)
HPRegen 0.17/turn               m - ring of resist corrosion
MPRegen 0.10/turn               (no ring)

@: lethally poisoned (0 -> -10), marked
A: antennae 2, molten scales 1, demonic magic 1
a: no special abilities


You were on level 5 of the Dungeon.
You visited 1 branch of the dungeon, and saw 5 of its levels.

You collected 267 gold pieces.

Inventory:

Hand Weapons
 a - a +0 war axe
 e - a +0 hand axe
 o - the +8 morningstar of the Forest (weapon) {speed, rF+ rC++ Int-2 Dex+2}
   (You found it on level 3 of the Dungeon)

   Attacks with this weapon are significantly faster.
   Int:       It affects your intelligence (-2).
   Dex:       It affects your dexterity (+2).
   rF:        It protects you from fire.
   rC:        It greatly protects you from cold.
Missiles
 p - 5 poisoned darts (quivered)
Armour
 b - a +0 scale mail
 c - a +1 buckler (worn)
 g - a scarf of resistance (worn)
 k - a +0 plate armour (worn)
Jewellery
 m - a ring of resist corrosion (left hand)
Scrolls
 d - a scroll of amnesia
 i - a scroll of vulnerability {unknown}
 l - a scroll of enchant weapon {unknown}
 r - a scroll of fear {unknown}
 t - a scroll of fog {unknown}
Potions
 h - 3 potions of flight
 j - a potion of brilliance
 n - a potion of magic
 u - a potion of heal wounds


   Skills:
 + Level 3.5 Fighting
 - Level 4.2(4.6) Axes
 * Level 2.5(3.7) Maces & Flails
 - Level 3.0 Armour
 + Level 2.8 Dodging
 - Level 4.0 Shields


You had 6 spell levels left.
You didn't know any spells.
Your spell library contained the following spells:

 Spells                   Type           Power      Damage    Failure   Level
 Gell's Gravitas          Tloc           0%         N/A       100%        3
 Portal Projectile        Hex/Tloc       0%         N/A       100%        3
 Teleport Other           Tloc           0%         N/A       100%        3
 Tukima's Dance           Hex            0%         N/A       100%        3
 Blade Hands              Tmut           0%         N/A       100%        5
 Dispersal                Tloc           0%         N/A       100%        6


Dungeon Overview and Level Annotations

Branches:
Dungeon (5/15)             Temple (0/1) D:5

Altars:
Hepliaklqana

Shops:
D:1 =(::


Innate Abilities, Weirdness & Mutations

You have a pair of antennae on your head.
You are partially covered in molten scales. (AC +2)
Spells you cast may paralyse adjacent enemies.


Message History

You destroy the necrophage!
The adder bites you but does no damage. You block the scorpion's attack.
You block the orc's attack. The hound bites you but does no damage.
The gnoll hits you from afar with a +0 halberd!
Your life force feels restored.
You have reached level 7!
Your demonic ancestry asserts itself...
The antennae on your head grow some more.
You barely miss the water moccasin. The adder barely misses you.
The water moccasin bites you but does no damage.
The hound bites you but does no damage. You block the scorpion's attack.
The orc hits you but does no damage. The gnoll barely misses you.
The adder bites you but does no damage. The water moccasin bites you.
You barely miss the water moccasin. The hound bites you but does no damage.
You block the scorpion's attack. You block the hound's attack.
The orc closely misses you.
The water moccasin bites you but does no damage.
The gnoll hits you but does no damage. The adder bites you but does no damage.
You closely miss the water moccasin.
The scorpion stings you but does no damage.
The hound bites you but does no damage. The water moccasin bites you.
The adder bites you but does no damage. The orc hits you but does no damage.
The gnoll hits you from afar with a +0 halberd.
The scorpion stings you but does no damage.
You hit the water moccasin.
The water moccasin is lightly wounded.
The hound bites you but does no damage. The water moccasin bites you.
The adder bites you but does no damage. The orc completely misses you.
The scorpion stings you but does no damage.
You block the gnoll's attack. The hound bites you.
* * * LOW HITPOINT WARNING * * *
As you read the scroll labelled RES INARPHI, it crumbles to dust.
You hear a loud clanging noise!
It was a scroll of noise.
The water moccasin bites you!
* * * LOW HITPOINT WARNING * * *
You are lethally poisoned!
The water moccasin poisons you! The adder barely misses you.
The hound bites you but does no damage. You block the scorpion's attack.
The water moccasin bites you!
You die...

,***,,,,,.#..........,,,**,,,,,,,
,***,,,,,...........,,,,,,,,,,,,*
,*,,,,,,*##....(...##,,,,,,,*,,,*
,*,,,,,,,...........#***,,*,***,,
,,,,,,,,,...........#####**,#***,
,,,,,,,,,.......B....#..#*,..* *,
,,,,,,,,,......ggg......##.*****,
,,,,,,,,,?....BshSsl........# *..
,,,,,,,,,..#..BS@##..##.##,.###..
,,,,,,,,,......o####...#***......
,,,,,,,,,.......###....####....##
,,,,,,,,*.....#..........#......#
,,,,,,,**#.##.#.................#
,,,,,,,,,.,,#*#................#*
,,*,,,,,,,,***#...............#.*
,**,,,,,,,,*,.............<..##,*
,,*^,,,>,,,,,>........#....###,,,


You could see a water moccasin, 2 scorpions, an iguana, a hound, 3 gnolls, an
adder, an orc and 3 giant cockroaches.

Vanquished Creatures
  2 necrophages
  A scorpion (D:5)
  A howler monkey (D:4)
  A gnoll bouda (D:4)
  8 gnolls
  4 adders
  2 ufetubi
  3 dart slugs
  3 orcs
  4 bats
  3 endoplasms
  6 giant cockroaches
  36 goblins
  23 hobgoblins
  10 jackals
  12 kobolds
  3 quokkas
  8 ball pythons
  3 frilled lizards
  5 rats
138 creatures vanquished.

Notes
Turn   | Place    | Note
-------+----------+-------------------------------------------
     0 | D:1      | IdlyInterested the Demonspawn Fighter began the quest for
                  | the Orb.
     0 | D:1      | Reached XP level 1. HP: 18/18 MP: 1/1
    85 | D:1      | Found Beuss's Book Boutique.
   239 | D:1      | Found Wugotano's Jewellery Boutique.
   398 | D:1      | Found Jariciyg's Book Shoppe.
   734 | D:1      | Gained mutation: Spells you cast may paralyse adjacent
                  | enemies. [demonic ancestry]
   734 | D:1      | Reached XP level 2. HP: 24/24 MP: 2/2
   951 | D:1      | Found Lut Dang's Antique Weapon Emporium.
  1594 | D:2      | Reached XP level 3. HP: 20/29 MP: 3/3
  2556 | D:3      | Gained mutation: You have a pair of small antennae on your
                  | head. [demonic ancestry]
  2556 | D:3      | Reached XP level 4. HP: 18/35 MP: 4/4
  2756 | D:3      | Reached skill level 1 in Dodging
  3280 | D:3      | Noticed a necrophage
  3294 | D:3      | Killed a necrophage
  3295 | D:3      | Gained mutation: You are partially covered in molten
                  | scales. (AC +2) [demonic ancestry]
  3295 | D:3      | Reached XP level 5. HP: 17/41 MP: 5/5
  4191 | D:3      | Identified the +8 morningstar of the Forest {speed, rF+
                  | rC++ Int-2 Dex+2}
  4363 | D:3      | Reached XP level 6. HP: 47/47 MP: 6/6
  4701 | D:4      | Found a hazy altar of Hepliaklqana.
  4728 | D:4      | Reached skill level 1 in Maces & Flails
  5580 | D:5      | Entered Level 5 of the Dungeon
  5601 | D:5      | Noticed a water moccasin
  5612 | D:5      | Gained mutation: You have a pair of antennae on your head.
                  | [demonic ancestry]
  5612 | D:5      | Reached XP level 7. HP: 31/52 MP: 7/7
  5616 | D:5      | Slain by a water moccasin

Illustrated notes

Levels and vault maps discovered:
D:1:      elethiomel_arrival_maze, layout_basic, serial_shops,
          nicolae_shop_crystal, nicolae_shop_behind_doors, shop, shop
D:2:      layout_basic
D:3:      minmay_goblin_kobold_castle, layout_basic
D:4:      layout_gridville, nicolae_hepliaklqana_hazy_memory,
          mainiacjoe_overflow_cross_hatched
D:5:      layout_cave_pools, yredelemnul_forgotten_temple_becter,
          minmay_temple_entry_overgrown, gup_sewer_entry_pipe

Skill      XL: |  1  2  3  4  5  6 |
---------------+-------------------+-----
Axes           | 2 3 4 |  4.2
Armour         | 3 |  3.0
Shields        | 3 4 |  4.0
Dodging        | 1 2 |  2.8
Maces & Flails | 2 |  2.5
Fighting       | |  3.5

Action                   |  1- 3 |  4- 6 |  7- 9 || total
-------------------------+-------+-------+-------++-------
Melee: War axe           |   125 |   140 |       ||   265
       Morningstar       |       |    69 |     4 ||    73
  Use: Scroll            |     6 |     6 |     1 ||    13
       Potion            |       |     5 |       ||     5
Armor: Scale mail        |    16 |       |       ||    16
       Plate armour      |   104 |   178 |    17 ||   299
       Skin              |       |    22 |       ||    22
Dodge: Dodged            |    39 |    71 |     5 ||   115
Block: Buckler           |    48 |   105 |     5 ||   158

Table legend: (Time is in decaauts)
 A = Elapsed time spent in this place.
 B = Non-inter-level travel time spent in this place.
 C = Inter-level travel time spent in this place.
 D = Time resting spent in this place.
 E = Time spent auto-exploring this place.
 F = Levels seen in this place.
 G = Mean time per level.
                   A        B        C        D        E       F      G
               +--------+--------+--------+--------+--------+-----+--------+
         Total |   5721 |   5113 |    608 |   1435 |   2568 |   5 | 1144.2 |
       Dungeon |   5721 |   5113 |    608 |   1435 |   2568 |   5 | 1144.2 |
               +--------+--------+--------+--------+--------+-----+--------+

Top non-repeatable levels by time:
     D:3: 2734 daAuts
     D:1: 1420 daAuts
     D:2: 1139 daAuts
     D:4: 392 daAuts
     D:5: 33 daAuts
